 Dungeon Crawl Stone Soup version 0.28-a0-691-gad6df49e81 (console) character file.

Game seed: 13405843837836154517

9 NeKpoT the Slasher (level 2, -5/29 HPs)
             Began as a Gnoll Cinder Acolyte on Oct 21, 2021.
             Was a High Priest of Ignis.
             Killed by nerve-wracking pain
             ... invoked by Jessica
              (13 damage)
             ... on level 2 of the Dungeon.
             The game lasted 00:07:16 (604 turns).

NeKpoT the Slasher (Gnoll Cinder Acolyte)            Turns: 604, Time: 00:07:16

Health: -5/29      AC:  3    Str: 13    XL:     2   Next: 16%
Magic:  5/5        EV: 11    Int: 13    God:    Ignis [*****.]
Gold:   51         SH:  5    Dex:  7    Spells: 6/6 levels left

rFire   + . .      SeeInvis .   a - -1 falchion (flame)
rCold   . . .      Faith    .   (no shield)
rNeg    . . .      Spirit   .   g - +0 leather armour
rPois   .          Reflect  +   (no helmet)
rElec   .          Harm     .   (no cloak)
rCorr   .          Rampage  .   (no gloves)
Will    .....                   (no boots)
Stlth   +.........              m - amulet of reflection
HPRegen 0.09/turn               e - ring of flight
MPRegen 0.09/turn               (no ring)

@: flying, slowed, very slow
A: fangs 1, strong nose, distributed training
a: Renounce Religion, Sea of Fire, Foxfire Swarm, Rising Flame


You were on level 2 of the Dungeon.
You worshipped Ignis.
Ignis was extremely pleased with you.
You visited 1 branch of the dungeon, and saw 2 of its levels.

You collected 51 gold pieces.

Inventory:

Hand Weapons
 a - a -1 falchion of flaming (weapon)
Missiles
 d - 14 poisoned darts (quivered)
 h - 27 stones
 i - 14 arrows
 k - a throwing net
Armour
 b - a +0 robe
 g - a +0 leather armour (worn)
Jewellery
 e - a ring of flight (left hand)
 m - an amulet of reflection (around neck)
Scrolls
 c - a scroll of identify {unknown}
 j - a scroll of amnesia {unknown}
Potions
 f - a potion of mutation {unknown}
 l - a potion of degeneration {unknown}


   Skills:
 + Level 6.4 Fighting
 + Level 0.3 Short Blades
 + Level 6.4 Long Blades
 + Level 0.3 Axes
 + Level 0.3 Maces & Flails
 + Level 0.3 Polearms
 + Level 0.3 Staves
 + Level 0.3 Slings
 + Level 0.3 Bows
 + Level 0.3 Crossbows
 + Level 0.3 Throwing
 + Level 0.3 Armour
 + Level 0.3 Dodging
 + Level 0.3 Stealth
 + Level 0.3 Shields
 + Level 0.3 Unarmed Combat
 + Level 2.7 Spellcasting
 + Level 0.2 Conjurations
 + Level 0.2 Hexes
 + Level 0.2 Summonings
 + Level 0.2 Necromancy
 + Level 0.2 Translocations
 + Level 0.2 Transmutations
 + Level 5.3 Fire Magic
 + Level 0.2 Ice Magic
 + Level 0.2 Air Magic
 + Level 0.2 Earth Magic
 + Level 0.2 Poison Magic
 + Level 0.4 Invocations
 + Level 0.3 Evocations


You had 6 spell levels left.
You didn't know any spells.
Your spell library contained the following spells:

 Spells                   Type           Power      Damage    Failure   Level
 Scorch                   Fire           30%        2d6       4%          2


Dungeon Overview and Level Annotations

Branches:
Dungeon (2/15)

Altars:

Shops:
D:1 [

Annotations:
D:2 Jessica


Innate Abilities, Weirdness & Mutations

You have very sharp teeth.
Your uncanny sense of smell can sniff out nearby items.
Your experience applies equally to all skills.


Message History

You finish putting on your amulet of reflection.
You feel a shielding aura gather around you.
m - an amulet of reflection (around neck)
You now have 51 gold pieces (gained 4).
Jessica the Apprentice Sorceress comes into view.
She is wielding a +1 dagger of electrocution.
Jessica gestures wildly.
Jessica gestures at you while chanting. Pain shoots through your body!
Okay, then.
Press: ? - help, v - describe, . - travel
Here: Jessica, wielding a +1 dagger of electrocution and wearing a +0 robe The floor.
Flames leap up around you!
Jessica casts a spell.
Jessica blinks!
Your foxfire dissipates!
Jessica looks very angry.
Your foxfire dissipates!
The foxfire hits Jessica but does no damage.
Your foxfire dissipates!
Flames leap up around you! Jessica hits you but does no damage.
You are electrocuted!
* * * LOW HITPOINT WARNING * * *
You hit Jessica. You burn Jessica.
Jessica is moderately wounded.
The foxfire hits Jessica.
Jessica is severely wounded.
The foxfire hits Jessica.
Jessica is almost dead.
Jessica mumbles some strange words.
Jessica seems to speed up.
You barely miss Jessica.
Jessica is almost dead.
You block Jessica's attack. Jessica gestures at you while chanting.
You feel yourself slow down.
Your foxfire dissipates!
Jessica points at you and mumbles some strange words.
Pain shoots through your body!
You die...

###########
#.@.@v....#
#.#######.# #§#
##.##########.
#§#
##...#.........
#§#
##.#.#..########
#@####.##.##.##
#.##..........#
#.##.#.##.##.##
#.##.##.#.#.##


You could see Jessica (fast, ally target).

Vanquished Creatures
  A dart slug (D:1)
  2 bats (D:1)
  A giant cockroach (D:1)
  A quokka (D:1)
  2 ball pythons (D:1)
  A rat (D:1)
8 creatures vanquished.

Vanquished Creatures (others)
  3 foxfires (D:2)
3 creatures vanquished.

Grand Total: 11 creatures vanquished

Notes
Turn   | Place    | Note
-------+----------+-------------------------------------------
     0 | D:1      | NeKpoT the Gnoll Cinder Acolyte began the quest for the
                  | Orb.
     0 | D:1      | Reached XP level 1. HP: 23/23 MP: 4/4
   144 | D:1      | Reached XP level 2. HP: 29/29 MP: 5/5
   193 | D:1      | Found a faded altar of an unknown god.
   377 | D:1      | Found Obesk's Antique Armour Shoppe.
   590 | D:2      | Noticed Jessica
   604 | D:2      | Killed from afar by Jessica

Illustrated notes

Levels and vault maps discovered:
D:1:      co_arrival_square_in_a_square_in_a_square, layout_rooms, serial_shops,
          shop, ebering_ecumenical_altar_hall
D:2:      layout_loops_ring, serial_shops, shop, supply_closet_lemuel,
          kennysheep_donut, st_stairs_9, uniq_jessica

Action                   || total
-------------------------++-------
Melee: Falchion          ||    26
       Bite              ||     2
Invok: Foxfire Swarm     ||     2
Armor: Robe              ||     7
       Leather armour    ||     2
Dodge: Dodged            ||    18
Block: Other             ||     1

Table legend: (Time is in decaauts)
 A = Elapsed time spent in this place.
 B = Non-inter-level travel time spent in this place.
 C = Inter-level travel time spent in this place.
 D = Time resting spent in this place.
 E = Time spent auto-exploring this place.
 F = Levels seen in this place.
 G = Mean time per level.
                   A        B        C        D        E       F      G
               +--------+--------+--------+--------+--------+-----+--------+
         Total |    602 |    541 |     61 |      0 |    417 |   2 |  301.0 |
       Dungeon |    602 |    541 |     61 |      0 |    417 |   2 |  301.0 |
               +--------+--------+--------+--------+--------+-----+--------+

Top non-repeatable levels by time:
     D:1: 530 daAuts
     D:2: 72 daAuts
